 Dungeon Sprint DCSS version 0.27-a0-1119-gbf574a6a6b (webtiles) character file.

Game seed: 12147459110846048551

9 Zeld the Shield-Bearer (level 2, 0/22 HPs)
             Began as an Octopode Fighter on May 3, 2021.
             Splashed by an oklob sapling's acid (10 damage)
             ... in the Dungeon (Sprint IV: "Fedhas' Mad Dash").
             The game lasted 00:00:12 (277 turns).

Zeld the Shield-Bearer (Octopode Fighter)            Turns: 277, Time: 00:00:13

Health: 0/22       AC:  1    Str: 15    XL:     2   Next: 16%
Magic:  2/2        EV: 11    Int: 10    God:
Gold:   0          SH:  9    Dex: 11    Spells: 1/1 levels left

rFire    . . .     SeeInvis .   a - +0 war axe
rCold    . . .     Faith    .   b - +0 kite shield
rNeg     . . .     Spirit   .   (helmet restricted)
rPois    .         Reflect  .   (no amulet)
rElec    .         Harm     .   (no ring)
rCorr    .         Rampage  .   (no ring)
Will     .....     NoTele   +   (no ring)
Stlth    ++........             (no ring)
HPRegen  0.07/turn              (no ring)
MPRegen  0.08/turn              (no ring)
                                (no ring)
                                (no ring)

@: no status effects
A: almost no armour, amphibious, 8 rings, camouflage 1, gelatinous body 1,
(nimble swimmer 1), tentacles
a: no special abilities


You were in the Dungeon.
You visited 1 branch

Inventory:

Hand Weapons
 a - a +0 war axe (weapon)
Armour
 b - a +0 kite shield (worn)
Scrolls
 i - a scroll of blinking
Potions
 c - a potion of might
 d - a potion of curing
 e - a potion of heal wounds
 f - 2 potions of haste
 g - 2 potions of magic
 h - a potion of berserk rage


   Skills:
 * Level 3.8 Fighting
 * Level 3.1 Axes
 - Level 3.0 Dodging
 * Level 3.8 Shields


You had one spell level left.
You didn't know any spells.
Your spell library was empty.

Dungeon Overview and Level Annotations

Branches:
Dungeon (1/1)

Altars:

Annotations:
D exclusion: oklob sapling


Innate Abilities, Weirdness & Mutations

You cannot wear most types of armour.
You are amphibious.
You can wear up to eight rings at the same time.
Your skin changes colour to match your surroundings (Stealth+).
Your rubbery body absorbs attacks. (AC +1, EV +1)
((You are camouflaged near water. (Stealth+)))
You have tentacles for arms and can constrict up to eight enemies at once.


Message History

You hit the river rat. You grab the river rat.
The river rat is severely wounded.
You constrict the river rat.
You kill the river rat!
Your Axes skill increases to level 3!
You have reached level 2!
Sorry, you're not good enough to have a special ability.
Unknown command.
You see here a river rat corpse.
The helpless rat fails to defend itself.
You hit the rat.
You kill the rat!
No target in view!
You see here a river rat corpse.
f - 2 potions of haste (gained 1)
You start waiting.
Done waiting.
You start waiting.
You see here a river rat corpse.
You start waiting.
Done waiting.
You open the door.
An oklob sapling comes into view.
Marking area around an oklob sapling as unsafe for travelling.
Found 41 gold pieces.
There is an open door here.
You hit the oklob sapling but do no damage.
You grab the oklob sapling.
You constrict the oklob sapling, but do no damage.
You hit the oklob sapling but do no damage.
You constrict the oklob sapling, but do no damage.
You hit the oklob sapling but do no damage.
You squeeze the oklob sapling.
The oklob sapling is heavily damaged.
You constrict the oklob sapling, but do no damage.
The oklob sapling spits acid at you. The splash of acid hits you!
Ouch! That really hurt!
You are splashed with acid!
You die...

##################
#<...#.....#.$$$$#
#PP..'..รท..@.#
#PP..#.....#P#
##############


You could see an oklob sapling.

Vanquished Creatures
  A river rat (D)
  A rat (D)
2 creatures vanquished.

Vanquished Creatures (others)
  3 fungi (D)
3 creatures vanquished.

Grand Total: 5 creatures vanquished

Notes
Turn   | Place    | Note
-------+----------+-------------------------------------------
     0 | D        | Zeld the Octopode Fighter began the quest for the Orb.
     0 | D        | Reached XP level 1. HP: 16/16 MP: 1/1
    10 | D        | Reached XP level 2. HP: 22/22 MP: 2/2
   273 | D        | Noticed an oklob sapling
   277 | D        | Splashed by an oklob sapling's acid

Illustrated notes

Levels and vault maps discovered:
D:        dungeon_sprint_fedhas [sprint_temple]

Skill      XL: |  1 |
---------------+----+-----
Axes           | 3 |  3.1
Fighting       | |  3.8
Dodging        | |  3.0
Shields        | |  3.8

Action                   || total
-------------------------++-------
Melee: War axe           ||     6
       Constrict         ||     3
       Tentacles         ||     1
 Stab: Sleeping          ||     1

Table legend: (Time is in decaauts)
 A = Elapsed time spent in this place.
 B = Non-inter-level travel time spent in this place.
 C = Inter-level travel time spent in this place.
 D = Time resting spent in this place.
 E = Time spent auto-exploring this place.
 F = Levels seen in this place.
 G = Mean time per level.
                   A        B        C        D        E       F      G
               +--------+--------+--------+--------+--------+-----+--------+
         Total |    279 |    279 |      0 |    255 |      0 |   1 |  279.0 |
       Dungeon |    279 |    279 |      0 |    255 |      0 |   1 |  279.0 |
               +--------+--------+--------+--------+--------+-----+--------+

Top non-repeatable levels by time:
       D: 279 daAuts
